Map: Cosmic Sapphire

Players

ForJumY

  • Race: Protoss Protoss
  • League: Grandmaster
  • Spawn Location: 11:00

PtitDrogo - Winner!

  • Race: Protoss Protoss
  • League: Master
  • Spawn Location: 5:00

Event: HomeStory Cup XXII

VOD

Have the link to the VOD?

Description

Time

  • Played on: Dec. 15, 2022, 10:37 a.m.
  • Length: 10:40

All games in this series

Show
View Real Time Build Order
Export as new Build Order

ForJumY Protoss 

Build Orders: Archon Immortal 

Get SALT Encoding   

  12  0:00  Probe  
  13  0:12  Probe  
  14  0:17  Pylon  
  14  0:24  Probe  
  15  0:35  Gateway  
  15  0:36  Probe (Chrono Boost)  
  16  0:45  Probe (Chrono Boost)  
  16  0:46  Assimilator  
  17  0:51  Probe (Chrono Boost)  
  17  0:55  Assimilator  
  18  1:03  Probe (Chrono Boost)  
  19  1:07  Gateway  
  19  1:13  Probe (Chrono Boost)  
  19  1:18  Probe (Chrono Boost)  
  20  1:24  Cybernetics Core  
  21  1:29  Probe  
  22  1:35  Pylon  
  22  1:42  Probe  
  23  1:54  Probe  
  24  2:00  Warp Gate (Chrono Boost)  
  24  2:01  Stalker  
  26  2:02  Stalker  
  26  2:07  Probe  
  29  2:13  Pylon  
  29  2:19  Probe  
  30  2:31  Probe  
  30  2:32  Adept x2  
  35  2:55  Nexus  
  35  3:02  Pylon  
  35  3:07  Sentry x2  
  39  3:20  Shield Battery, Probe  
  40  3:32  Twilight Council, Probe  
  41  3:42  Stalker  
  41  3:44  Probe  
  44  3:52  Stalker  
  42  3:56  Probe (Chrono Boost)  
  43  4:07  Probe (Chrono Boost)  
  43  4:08  Probe (Chrono Boost), Blink (Chrono Boost)  
  43  4:09  Stalker  
  49  4:17  Probe x2 (Chrono Boost)  
  49  4:21  Stalker  
  49  4:22  Probe x2 (Chrono Boost)  
  51  4:33  Stalker  
  51  4:34  Probe x2  
  55  4:41  Pylon  
  55  4:45  Shield Battery  
  55  4:59  Probe x2  
  56  5:00  Shield Battery  
  56  5:04  Stalker  
  58  5:11  Probe  
  58  5:12  Stalker  
  58  5:14  Probe  
  62  5:19  Nexus  
  62  5:21  Pylon  
  62  5:29  Probe  
  62  5:30  Gateway  
  62  5:33  Forge  
  62  5:34  Gateway, Stalker  
  62  5:37  Probe  
  62  5:41  Probe  
  63  5:43  Shield Battery  
  63  5:49  Probe  
  64  5:53  Probe  
  64  5:54  Shield Battery  
  64  5:55  Assimilator  
  65  6:01  Probe  
  66  6:04  Stalker x2  
  66  6:07  Pylon  
  66  6:10  Pylon  
  70  6:12  Protoss Ground Weapons Level 1 (Chrono Boost)  
  70  6:21  Robotics Facility  
  70  6:25  Probe (Chrono Boost)  
  72  6:26  Probe (Chrono Boost)  
  72  6:33  Probe (Chrono Boost)  
  72  6:34  Charge  
  72  6:37  Probe (Chrono Boost)  
  72  6:38  Gateway  
  73  6:41  Stalker  
  73  6:42  Stalker  
  73  6:43  Probe x2 (Chrono Boost)  
  73  6:45  Probe (Chrono Boost)  
  71  6:48  Probe (Chrono Boost)  
  71  6:49  Probe (Chrono Boost)  
  71  6:52  Stalker  
  73  6:54  Stalker  
  73  6:56  Probe (Chrono Boost)  
  73  6:59  Probe (Chrono Boost)  
  75  7:05  Stalker  
  75  7:06  Probe (Chrono Boost)  
  75  7:07  Gateway  
  79  7:10  Observer (Chrono Boost)  
  79  7:12  Probe (Chrono Boost), Stalker  
  79  7:13  Probe (Chrono Boost)  
  84  7:17  Probe x2 (Chrono Boost)  
  84  7:20  Probe (Chrono Boost), Gateway  
  86  7:25  Gateway  
  86  7:26  Probe  
  86  7:29  Immortal (Chrono Boost)  
  87  7:32  Probe  
  87  7:36  Probe  
  93  7:37  Assimilator  
  93  7:38  Sentry, Probe  
  93  7:42  Pylon  
  96  7:44  Stalker  
  96  7:46  Probe  
  96  7:47  Zealot  
  101  7:51  Pylon  
  101  7:57  Pylon  
  99  8:00  Stalker x2  
  99  8:01  Immortal (Chrono Boost)  
  107  8:06  Pylon  
  107  8:07  Stalker  
  107  8:12  Probe  
  107  8:13  Observer  
  107  8:16  Probe, Assimilator  
  107  8:17  Probe, Photon Cannon  
  108  8:24  Probe, Assimilator  
  108  8:26  Templar Archives  
  109  8:37  Pylon  
  109  8:40  Immortal (Chrono Boost), Pylon  
  109  8:44  Observer  
  113  8:49  Pylon  
  113  8:50  Zealot x3  
  119  8:58  Zealot x3  
  125  9:07  Zealot x2  
  129  9:11  High Templar  
  129  9:12  Shield Battery, High Templar  
  129  9:16  Archon, Immortal (Chrono Boost)  
  133  9:22  Zealot x3  
  143  9:29  Photon Cannon  
  143  9:35  Pylon  
  143  9:40  High Templar  
  143  9:41  Nexus, High Templar  
  147  9:46  Robotics Bay  
  147  9:47  Probe  
  148  9:53  Zealot x3  
  148  9:54  Archon  
  148  9:55  Observer (Chrono Boost)  
  154  10:02  Stalker x3  
  148  10:15  High Templar x2  
  148  10:16  Zealot x3  
  148  10:20  Archon  
  153  10:25  Zealot x3  
  94  10:35  Zealot  
  94  10:36  Zealot x2  
Show
View Real Time Build Order
Export as new Build Order

PtitDrogo Protoss - Winner!

Build Orders: Oracle Opening 

Get SALT Encoding   

  12  0:00  Probe  
  13  0:12  Probe  
  14  0:19  Pylon  
  14  0:24  Probe  
  15  0:37  Probe (Chrono Boost)  
  15  0:38  Gateway  
  16  0:46  Probe (Chrono Boost)  
  16  0:47  Assimilator  
  17  0:51  Probe (Chrono Boost)  
  18  0:58  Assimilator  
  18  1:03  Probe (Chrono Boost)  
  19  1:09  Gateway  
  19  1:14  Probe (Chrono Boost)  
  20  1:19  Probe (Chrono Boost)  
  21  1:27  Cybernetics Core  
  21  1:30  Probe  
  22  1:37  Pylon  
  22  1:42  Probe  
  23  1:57  Probe  
  24  2:07  Stargate  
  24  2:08  Warp Gate  
  24  2:11  Stalker  
  28  2:23  Pylon  
  28  2:25  Stalker  
  28  2:36  Probe  
  28  2:47  Oracle (Chrono Boost)  
  31  3:01  Nexus  
  31  3:09  Probe  
  32  3:15  Oracle (Chrono Boost)  
  32  3:18  Pylon  
  35  3:22  Probe  
  36  3:34  Probe  
  37  3:46  Probe  
  37  3:59  Adept x2, Probe  
  37  4:01  Twilight Council  
  42  4:11  Probe (Chrono Boost)  
  42  4:14  Probe (Chrono Boost)  
  44  4:22  Probe (Chrono Boost)  
  44  4:23  Probe (Chrono Boost)  
  46  4:27  Probe (Chrono Boost)  
  47  4:31  Probe  
  47  4:35  Stalker x2  
  47  4:36  Blink (Chrono Boost)  
  47  4:37  Probe  
  53  4:43  Probe  
  54  4:46  Gateway  
  54  4:50  Probe  
  55  4:55  Probe  
  55  4:59  Pylon  
  56  5:03  Probe  
  56  5:07  Nexus  
  56  5:21  Probe  
  56  5:22  Probe  
  56  5:27  Stalker x2  
  61  5:33  Probe  
  61  5:34  Probe  
  61  5:37  Robotics Facility  
  61  5:41  Assimilator  
  61  5:43  Stalker  
  61  5:45  Probe  
  61  5:46  Probe  
  65  5:50  Stalker x2  
  65  5:53  Pylon  
  65  5:54  Shield Battery  
  69  5:57  Probe  
  70  6:05  Pylon  
  70  6:07  Pylon  
  70  6:11  Probe x2, Stalker  
  72  6:14  Stalker  
  72  6:15  Stalker  
  78  6:19  Probe  
  78  6:23  Probe x2  
  78  6:25  Observer  
  82  6:31  Forge, Probe  
  82  6:32  Charge  
  83  6:35  Probe  
  83  6:36  Probe  
  81  6:48  Warp Prism (Chrono Boost)  
  81  6:50  Stalker x3  
  81  6:53  Probe x3  
  92  6:56  Protoss Ground Weapons Level 1 (Chrono Boost)  
  92  7:05  Pylon  
  92  7:07  Gateway  
  93  7:10  Gateway x2  
  93  7:12  Gateway  
  93  7:15  Gateway  
  92  7:22  Stalker x2  
  96  7:23  Stalker  
  96  7:29  Pylon  
  98  7:33  Gateway  
  98  7:35  Pylon  
  98  7:46  Stalker x3  
  104  7:52  Pylon  
  104  8:03  Zealot  
  104  8:04  Zealot x2  
  110  8:07  Zealot  
  110  8:08  Probe x2  
  114  8:17  Nexus  
  114  8:19  Zealot x4  
  122  8:23  Probe  
  122  8:25  Shield Battery, Zealot x3  
  129  8:27  Zealot x2  
  129  8:32  Probe  
  129  8:33  Pylon  
  134  8:37  Pylon  
  134  8:39  Observer  
  134  8:40  Templar Archives, Photon Cannon  
  134  8:42  Zealot x2  
  138  8:52  Probe x3  
  138  9:13  Zealot x9  
  156  9:20  Pylon  
  156  9:21  Gateway  
  156  9:23  Pylon  
  156  9:25  Pylon  
  156  9:33  High Templar x4  
  156  9:34  Zealot x3  
  156  9:37  Archon x2  
  170  9:43  Zealot x2  
  174  9:48  Pylon  
  174  9:52  Photon Cannon  
  174  9:57  Zealot  
  174  9:58  Zealot x2  
  180  10:05  Zealot x3  
  180  10:06  Zealot x3  
  181  10:19  Zealot x3  
  185  10:27  Zealot x7  
Tags
 
Add a new tag
Caveats
  • Supply blocks, unpowered buildings, or Contaminate may cause inaccurate times.
  • Supply counts are checked every 10 seconds.